 Dungeon Crawl Stone Soup version 0.31.0-11-ge490571c62 (webtiles) character file.

Game seed: 2177074566520269089

520 Abimelech the Sneak (level 7, 0/57 HPs)
             Began as a Red Draconian Brigand on Feb 3, 2024.
             Slain by a killer bee (2 damage)
             ... on level 7 of the Dungeon.
             The game lasted 00:10:27 (2109 turns).

Abimelech the Sneak (Red Draconian Brigand)         Turns: 2109, Time: 00:10:28

Health: 0/57       AC:  7    Str: 15      XL:     7   Next: 1%
Magic:  7/7        EV: 12    Int: 10 (11) God:
Gold:   169        SH:  0    Dex: 13      Spells: 6/6 levels left

rFire   + . .        e - +2 dagger (drain)
rCold   . . .        (no shield)
rNeg    . . .        (body armour unavailable)
rPois   +            (helmet restricted)
rElec   .            b - +0 cloak
rCorr   .            (no gloves)
SInv    .            (no boots)
Will    .....        (no amulet)
Stlth   +++          f - ring of poison resistance
HPRegen 0.29/turn    (no ring)
MPRegen 0.10/turn

%: no passive effects
@: short of breath
A: breathe fire, AC +6, unfitting armour, fire resistance 1, cold-blooded
a: Breathe Fire


You were on level 7 of the Dungeon.
You visited 1 branch of the dungeon, and saw 5 of its levels.

You collected 169 gold pieces.

Inventory:

Hand Weapons
 e - a +2 dagger of draining (weapon)
Missiles
 c - 14 poisoned darts (quivered)
 d - 2 curare-tipped darts
Armour
 b - a +0 cloak (worn)
Jewellery
 f - a ring of poison resistance (left hand)
Wands
 g - a wand of flame (8)
Potions
 a - 2 potions of enlightenment


   Skills:
 * Level 3.4 Fighting
 * Level 3.9 Short Blades
 * Level 3.5 Throwing
 * Level 2.6 Dodging
 * Level 5.1 Stealth
 * Level 1.2 Evocations


You had 6 spell levels left.
You didn't know any spells.
Your spell library was empty.

Dungeon Overview and Level Annotations

Branches:
Dungeon (4/15)
 Temple: D:4-7

Altars:

Shops:
D:2 (


Innate Abilities, Weirdness & Mutations

You can breathe blasts of fire.
Your fiery red scales are hard. (AC +6)
You cannot fit into any form of body armour.
Your flesh is heat resistant. (rF+)
You are cold-blooded and may be slowed by cold attacks.


Message History

Aiming: Breathe Fire (5% risk of failure)
Press: ? - help, Shift-Dir - straight line, f - killer bee
Aim: a killer bee (wandering, hasn't noticed you, 39% to hit)
You breathe a blast of fire.
The fiery breath hits the killer bee!
The killer bee is heavily wounded.
The killer bee buzzes angrily.
Unknown command.
Throw: 15 darts (poison)
Press: ? - help, Q - select action, (/) - cycle Shift-Dir - straight line, f/p - killer bee
Aim: a killer bee (heavily wounded, 23% to hit)
You throw a poisoned dart. The poisoned dart hits the killer bee.
The killer bee is heavily wounded.
The killer bee stings you but does no damage.
Aiming: Throw Flame
Press: ? - help, Shift-Dir - straight line, f/p - killer bee
Aim: a killer bee (heavily wounded, 39% to hit)
The puff of flame hits the killer bee.
The killer bee is heavily wounded.
The killer bee closely misses you. The killer bee barely misses you.
Unknown command.
Aiming: Throw Flame
Press: ? - help, Shift-Dir - straight line, f/p - killer bee
Aim: a killer bee (heavily wounded, 39% to hit)
The puff of flame misses the killer bee.
The killer bee barely misses you. The killer bee stings you!
* * * LOW HITPOINT WARNING * * *
Unknown command.
Aiming: Throw Flame
Press: ? - help, Shift-Dir - straight line, f/p - killer bee
Aim: a killer bee (heavily wounded, 39% to hit)
The puff of flame hits the killer bee.
The killer bee is severely wounded.
The killer bee closely misses you. The killer bee stings you.
* * * LOW HITPOINT WARNING * * *
Aiming: Throw Flame
Press: ? - help, Shift-Dir - straight line, f/p - killer bee
Aim: a killer bee (severely wounded, 39% to hit)
The puff of flame misses the killer bee.
The killer bee barely misses you. The killer bee stings you.
You die...

#.############## #.# #.#
#########.#########
........#.#........
...................
.............[......#
....................# .
.....(y@............# .
....................# .
........#...........# #.
..☼.....#...........+ +.
........##..........# #.
........##........).###.
###+#####....####..~.†..
#.........######
#.....#....#####


You could see a killer bee.

Vanquished Creatures
  A sky beast (D:7)
  A bullfrog (D:7)
  A wight (D:7)
  2 killer bees (D:7)
  2 bombardier beetles
  A hound (D:4)
  Ijyb (D:4)
  3 gnolls (D:2)
  4 adders
  A dart slug (D:3)
  5 ball pythons
  5 bats
  An endoplasm (D:2)
  7 giant cockroaches
  4 hobgoblins
  5 quokkas
  A frilled lizard (D:1)
  A goblin (D:4)
  3 kobolds
  5 rats
54 creatures vanquished.

Notes
Turn   | Place    | Note
-------+----------+-------------------------------------------
     0 | D:1      | Abimelech the Draconian Brigand began the quest for the
                  | Orb.
     0 | D:1      | Reached XP level 1. HP: 17/17 MP: 1/1
   138 | D:1      | Noticed a glass eye
   142 | D:1      | Found a faded altar of an unknown god.
   144 | D:1      | Noticed a great orb of eyes
   145 | D:1      | Noticed an eye of devastation
   145 | D:1      | Noticed an eye of devastation
   177 | D:1      | Reached skill level 1 in Dodging
   181 | D:1      | Reached skill level 4 in Stealth
   181 | D:1      | Reached XP level 2. HP: 24/24 MP: 2/2
   426 | D:2      | Reached XP level 3. HP: 23/30 MP: 3/3
   831 | D:2      | Reached XP level 4. HP: 37/37 MP: 4/4
  1069 | D:2      | Found Nykontan's Antique Weapon Boutique.
  1589 | D:4      | Reached XP level 5. HP: 42/44 MP: 5/5
  1600 | D:4      | Noticed Ijyb
  1629 | D:4      | Killed Ijyb
  1926 | D:4      | You fall into a shaft and drop 3 floors!
  1995 | D:7      | Reached XP level 6. HP: 51/51 MP: 6/6
  2054 | D:7      | Noticed a sky beast
  2074 | D:7      | Reached skill level 5 in Stealth
  2074 | D:7      | Reached skill level 1 in Evocations
  2076 | D:7      | HP: 1/51 [sky beast (5)]
  2079 | D:7      | Killed a sky beast
  2080 | D:7      | Your scales start taking on a fiery red colour.
  2080 | D:7      | Reached XP level 7. HP: 2/57 MP: 7/7
  2080 | D:7      | Gained mutation: Your flesh is heat resistant. (rF+) [Red
                  | Draconian growth]
  2107 | D:7      | HP: 2/57 [killer bee (8)]
  2109 | D:7      | Slain by a killer bee

Illustrated notes

Levels and vault maps discovered:
D:1:      scummos_arrival_gate, layout_rooms,
          hellmonk_ecumenical_altar_watching_god
D:2:      layout_loops_ring, serial_shops, nicolae_shop_tiny_real_fake_doors,
          kennysheep_generic_room_7
D:3:      layout_basic, mainiacjoe_overflow_cross_hatched, nrook_campfire,
          kennysheep_generic_room_9
D:4:      layout_rooms, trog_wizard, gammafunk_ghost_arena, minmay_circle_x,
          uniq_ijyb
D:7:      layout_basic, lemuel_doored_altar, enter_bailey_3, minivault_26

Skill      XL: |  1  2  3  4  5  6 |
---------------+-------------------+-----
Dodging        | 1 2 |  2.6
Stealth        | 4 5 |  5.1
Throwing       | 2 3 |  3.5
Short Blades   | 3 |  3.9
Fighting       | 3 |  3.4
Evocations     | 1 |  1.2

Action                     |  1- 3 |  4- 6 |  7- 9 || total
---------------------------+-------+-------+-------++-------
  Melee: Dagger            |    92 |    76 |       ||   168
         Tailslap          |    13 |     6 |       ||    19
         Punch             |     1 |     1 |       ||     2
  Throw: Dart              |    26 |    24 |     1 ||    51
Ability: Breathe Fire      |       |       |     1 ||     1
  Evoke: Wand              |       |    14 |     4 ||    18
    Use: Scroll            |     3 |     5 |       ||     8
         Potion            |     1 |     5 |       ||     6
   Stab: Sleeping          |     2 |     4 |       ||     6
 Armour: Skin              |    65 |    56 |     4 ||   125
  Dodge: Dodged            |    78 |    53 |     5 ||   136
